 Dungeon Crawl Stone Soup version 0.24-a0-613-g1ff6aac338 (webtiles) character file.

Game seed: 13809358979291400189, levelgen mode: deterministic

11 Amnesiac the Digger (level 2, 0/19 HPs)
             Began as a Vampire Earth Elementalist on Sept 10, 2019.
             Slain by a jackal (2 damage)
             ... on level 2 of the Dungeon on Sept 11, 2019.
             The game lasted 00:04:35 (569 turns).

Amnesiac the Digger (Vampire Earth Elementalist)     Turns: 569, Time: 00:04:36

Health: 0/19       AC:  3    Str:  7    XL:     2   Next: 17%
Magic:  5/5        EV: 12    Int: 22    God:
Gold:   81         SH:  0    Dex: 14    Spells: 4/5 levels left

rFire    . . .     SeeInvis +   d - +0 short sword
rCold    . . .     Gourm    .   (no shield)
rNeg     . . .     Faith    .   c - +0 robe
rPois    .         Spirit   .   g - +0 helmet
rElec    .         Reflect  .   f - scarf {repulsion}
rCorr    .         Harm     .   (no gloves)
MR       .....                  (no boots)
Stlth    ++........             (no amulet)
HPRegen  0.26/turn              (no ring)
MPRegen  0.09/turn              (no ring)

@: brilliant, regenerating quickly, repel missiles
A: no food, fangs 3, see invisible, unbreathing
a: Exsanguinate


You were on level 2 of the Dungeon.
You were alive.

You visited 1 branch of the dungeon, and saw 2 of its levels.

You collected 81 gold pieces.

Inventory:

Hand Weapons
 d - a +0 short sword (weapon)
Missiles
 b - 87 stones (quivered)
Armour
 c - a +0 robe (worn)
 f - a scarf of repulsion (worn)
 g - a +0 helmet (worn)
Jewellery
 h - an uncursed ring of fire {unknown}
Scrolls
 a - 3 scrolls of identify {unknown}


   Skills:
 + Level 0.7 Short Blades
 - Level 2.1 Dodging
 - Level 3.0 Stealth
 + Level 2.2 Spellcasting
   Level 1.1 Transmutations
 * Level 3.3 Earth Magic


You had 4 spell levels left.
You knew the following spells:

 Your Spells              Type           Power        Failure   Level  Hunger
a - Sandblast             Erth           ####..       1%          1    N/A

Your spell library contained the following spells:

 Spells                   Type           Power        Failure   Level  Hunger
 Passwall                 Tmut/Erth      ####....     1%          2    N/A
 Stone Arrow              Conj/Erth      ###...       2%          3    N/A
 Petrify                  Tmut/Erth      ####....     6%          4    N/A
 Lee's Rapid Deconstruct  Erth           ####......   11%         5    N/A

Dungeon Overview and Level Annotations

Branches:
Dungeon (2/15)

Altars:

Annotations:
D:2 Robin, Terence


Innate Abilities, Weirdness & Mutations

You do not eat.
Your natural rate of healing is unusually fast.
You have razor-sharp teeth.
You have supernaturally acute eyesight. (SInv)
You can survive without breathing.


Message History

The rat closely misses you. The jackal bites you.
* * * LOW HITPOINT WARNING * * *
The jackal misses you.
It was a potion of brilliance.
You feel clever all of a sudden.
The jackal bites you but does no damage.
The jackal barely misses you.
The goblin shouts!
The jackal barely misses you. The jackal bites you.
* * * LOW HITPOINT WARNING * * *
Robin roars a battlecry!
The goblin goes into a battle-frenzy!
You hear a shout!
You hear an angry hiss.
You hear a shout!
Robin roars a battlecry!
You hear a shout!
The jackal bites you but does no damage.
Robin laughs in a distinctly smug fashion.
The jackal bites you.
You die... .. .# #. .#. #.#.. lg..

#. .# g... ##.#.# #... ##
#.... ..# ...##.#.#####..#
#.......##gg..## ##.#
#..gr.hSg...#
...####@h####.##....
#...#....###..# #
#..#(#.###..## #...?#.#
#S##
########.....###.###...
##.....#......w.hh.......
##.............##.l.######
#....<........[.......#
#..........@..l.......#


You could see a worm, Robin, an adder, 2 jackals, 3 goblins and a rat.

Vanquished Creatures
  A dart slug (D:1)
  2 kobolds (D:1)
  2 bats (D:1)
  2 frilled lizards (D:1)
  2 goblins (D:1)
  A rat (D:1)
10 creatures vanquished.

Notes
Turn   | Place    | Note
-------+----------+-------------------------------------------
     0 | D:1      | Amnesiac the Vampire Earth Elementalist began the quest for
                  | the Orb.
     0 | D:1      | Reached XP level 1. HP: 13/13 MP: 3/3
   386 | D:2      | Noticed Terence
   400 | D:2      | Noticed Robin
   403 | D:1      | Reached XP level 2. HP: 18/19 MP: 5/5
   569 | D:2      | Slain by a jackal

Levels and vault maps discovered:
D:1:      evilmike_arrival_hilbert_curve, layout_loops_ring, minmay_cupped
D:2:      layout_rooms, hangedman_decor_push, uniq_robin, uniq_terence

Action                   || total
-------------------------++-------
Melee: Short sword       ||    36
       Unarmed           ||    17
       Bite              ||     4
 Cast: Sandblast         ||     1
  Use: Potion            ||     1
 Stab: Sleeping          ||     2
Armor: Robe              ||    31
Dodge: Dodged            ||    52

Table legend:
 A = Non-vault XP
 B = Vault XP
 C = Vault XP percentage of total XP
 D = Non-vault monster count
 E = Vault monster count
 F = Vault count percentage of total count
                 A         B        C        D         E       F
            +---------+---------+-------+---------+---------+-------
      Total |       9 |       8 |  47.1 |       6 |       4 |  40.0
            +---------+---------+-------+---------+---------+-------
        D:1 |       9 |       8 |  47.1 |       6 |       4 |  40.0
            +---------+---------+-------+---------+---------+-------
